Penguins vs Bears
Created - March 25, 2024 at 19:04
Goals
|
| Penguins |
0 |
2 |
1 |
3 |
| Bears |
2 |
2 |
2 |
6 |
|
Shots
|
| Penguins |
14 |
15 |
6 |
35 |
| Bears |
16 |
12 |
11 |
39 |
|
1st period
1. Bears , A.J. Jenks 26 (Vincent Dunn 16, Cole Smith 15) at 3:24
2. Bears , A.J. Jenks 27 (Mikko Vainonen 25) at 4:42
Penalties :
Mikko Vainonen (Her) for Cross-checking (Minor) at 6:37, Denis Malgin (Wil) for High sticking (Minor) at 19:10
2nd period
3. Bears , Austin Wuthrich 22 (A.J. Jenks 34, Jake Allen) at 0:40 (PP)
4. Penguins , Dakota Mermis 6 (Evan Rodrigues 24, Iven Barbashev 40) at 4:52
5. Penguins , Clayton Keller 6 (Gavin Bayreuther 65) at 13:26
6. Bears , Jacob Bryson 4 (Nikolay Prokhorkin 14) at 18:14
Penalties :
Adam Brooks (Wil) for Cross-checking (Minor) at 15:39
3rd period
7. Penguins , Iven Barbashev 28 (Gavin Bayreuther 66, Evan Rodrigues 25) at 2:59 (SH)
8. Bears , Kerby Rychel 32 (Nicolas Aube-Kubel 33, Gianluca Curcuruto 24) at 7:57
9. Bears , Kerby Rychel 33 (Mikko Vainonen 26) at 10:01
Penalties :
Sampo Ranta (Wil) for Tripping (Minor) at 2:09, Mathew Barzal (Wil) for Roughing (Minor) at 10:23, Iven Barbashev (Wil) for Roughing (Minor) at 15:18
Goalie Stats
Jeremy Swayman (Wil), 33 saves from 39 shots - (0.846), L, 21-17-1, 60:00 minutes
Jake Allen (Her), 32 saves from 35 shots - (0.914), W, 34-19-2, 60:00 minutes
Players Stats for Penguins
Player Name G A P +/- PIM S H SB GA TA FO MP PP MP PK MP
------------------------------------------------------------------------------------
Adam Brooks 0 0 0 -1 2 6 3 0 0 1 8/15 16:14 0:52 2:32
Alexander Romanov 0 0 0 -2 0 0 2 1 0 1 0/0 10:58 0:00 0:00
Clayton Keller 1 0 1 1 0 1 1 0 0 0 0/1 10:08 0:00 0:00
Dakota Mermis 1 0 1 2 0 3 2 3 1 0 0/0 27:33 0:57 4:56
Denis Malgin 0 0 0 1 2 0 1 0 0 2 2/10 10:16 0:00 0:09
Eetu Luostarinen 0 0 0 -1 0 1 0 2 1 1 2/2 18:34 0:52 3:42
Evan Rodrigues 0 2 2 0 0 6 3 0 1 1 22/33 25:08 1:07 5:00
Gavin Bayreuther 0 2 2 2 0 5 2 2 0 3 0/0 27:23 0:57 5:05
Iven Barbashev 1 1 2 0 2 7 1 1 2 1 0/0 23:54 1:07 3:48
Jeff Malott 0 0 0 1 0 0 1 0 0 0 0/0 11:26 0:00 1:17
Jesper Boqvist 0 0 0 -2 0 1 0 0 0 0 0/0 6:30 0:00 0:00
Jesperi Kotkaniemi 0 0 0 -2 0 0 0 0 0 0 0/1 8:59 0:00 2:24
John Marino 0 0 0 -2 0 2 2 2 1 0 0/0 21:39 1:02 4:21
Mathew Barzal 0 0 0 -1 2 2 0 0 2 1 0/0 14:07 1:07 0:00
Matthew Finn 0 0 0 -2 0 1 1 4 0 0 0/0 21:17 1:02 4:08
Noah Dobson 0 0 0 -2 0 0 0 1 0 1 0/0 11:10 0:00 0:22
Sam Kurker 0 0 0 -1 0 0 0 0 0 0 0/2 18:38 0:52 0:00
Sampo Ranta 0 0 0 -2 2 0 0 0 0 0 1/1 6:35 0:00 0:00
Players Stats for Bears
Player Name G A P +/- PIM S H SB GA TA FO MP PP MP PK MP
------------------------------------------------------------------------------------
A.J. Jenks 2 1 3 1 0 5 2 0 3 0 0/0 19:06 4:22 0:49
Adam Lowry 0 0 0 1 0 2 0 0 0 0 8/14 18:16 4:25 0:09
Austin Wuthrich 1 0 1 1 0 2 3 0 4 0 0/0 18:09 4:25 0:00
Christian Dvorak 0 0 0 1 0 3 2 0 1 0 14/35 21:20 4:27 0:40
Colby Cave 0 0 0 1 0 1 0 0 0 0 2/2 7:32 0:34 0:00
Cole Smith 0 1 1 -1 0 2 1 0 1 1 0/1 11:42 0:00 0:00
Emil Johansson 0 0 0 1 0 0 0 0 0 1 0/0 14:33 0:00 1:20
Gianluca Curcuruto 0 1 1 -1 0 3 0 2 0 1 0/0 18:38 4:02 0:39
Jacob Bryson 1 0 1 1 0 2 0 1 0 2 0/0 13:13 0:00 0:00
Kerby Rychel 2 0 2 1 0 4 1 0 1 0 3/5 21:33 4:20 1:10
Kirill Maksimov 0 0 0 1 0 0 1 0 0 0 0/0 6:54 0:00 0:00
Michael Prapavessis 0 0 0 -1 0 3 0 4 1 2 0/0 18:38 4:02 0:39
Mikko Vainonen 0 2 2 2 2 0 0 2 0 0 0/0 26:55 5:24 0:00
Nicholas Caamano 0 0 0 -1 0 2 1 2 0 0 0/0 12:12 0:32 0:00
Nicolas Aube-Kubel 0 1 1 1 0 2 1 0 1 0 0/1 21:49 4:29 1:10
Nikolay Prokhorkin 0 1 1 1 0 0 1 0 0 0 0/0 7:39 0:44 0:00
Tommy Vannelli 0 0 0 2 0 3 0 2 0 1 0/0 28:09 5:24 1:20
Vincent Dunn 0 1 1 -1 0 5 1 0 0 0 3/7 11:42 0:00 0:00
3 Stars
1 - A.J. Jenks (Her)
2 - Kerby Rychel (Her)
3 - Austin Wuthrich (Her)
Power Play
Penguins - 0 on 1 Attempt(s) - 0.00%
Bears - 1 on 5 Attempt(s) - 20.00%
Penalty Kill
Penguins - 4 on 5 Attempt(s) - 80.00%
- Score 1 goal in Penalty Kill
Bears - 1 on 1 Attempt(s) - 100.00%
- Score 0 goal in Penalty Kill
Team Stat
Penguins - Hits : 19 - Faceoff Wins : 35 - Blocked Shots : 16 - Penalty Minutes : 10
Bears - Hits : 14 - Faceoff Wins : 30 - Blocked Shots : 13 - Penalty Minutes : 2
Official
Referees : Chris Rooney and Corey Syvret
Linesman : Bryan Pancich and Julien Fournier
Game Notes
No Game Note
Finance
Level 1 -- Attendance: 2000 (100.00%) -- Ticket Income $140,000
Level 2 -- Attendance: 1000 (100.00%) -- Ticket Income $40,000
Total Attendance: 3000 (100.00%)
Total Ticket Income: $180,000
Other Income: $9,000
Total Income: $189,000
Penguins
5 vs 5 Forward
Center Left Wing Right Wing Time % Phy DF OF
1 Evan Rodrigues Iven Barbashev Sam Kurker 40 1 2 2
2 Adam Brooks Eetu Luostarinen Mathew Barzal 30 1 2 2
3 Denis Malgin Jeff Malott Clayton Keller 20 1 2 2
4 Jesperi Kotkaniemi Sampo Ranta Jesper Boqvist 10 1 2 2
5 vs 5 Defense
Defense Defense Time % Phy DF OF
1 Gavin Bayreuther Dakota Mermis 40 1 2 2
2 John Marino Matthew Finn 30 1 2 2
3 Noah Dobson Alexander Romanov 20 1 2 2
4 Gavin Bayreuther Dakota Mermis 10 1 2 2
PowerPlay Forward
Center Left Wing Right Wing Time % Phy DF OF
1 Evan Rodrigues Iven Barbashev Mathew Barzal 60 1 1 3
2 Adam Brooks Eetu Luostarinen Sam Kurker 40 1 1 3
PowerPlay Defense
Defense Defense Time % Phy DF OF
1 Gavin Bayreuther Dakota Mermis 60 1 1 3
2 John Marino Matthew Finn 40 1 1 3
Penalty Kill 4 Players Forward
Center Wing Time % Phy DF OF
1 Evan Rodrigues Iven Barbashev 60 1 3 1
2 Adam Brooks Eetu Luostarinen 40 1 3 1
Penalty Kill 4 Players Defense
Defense Defense Time % Phy DF OF
1 Gavin Bayreuther Dakota Mermis 60 1 3 1
2 John Marino Matthew Finn 40 1 3 1
Penalty Kill - 3 Players Forward
Forward Time % Phy DF OF
1 Evan Rodrigues 60 1 3 1
2 Adam Brooks 40 1 3 1
Penalty Kill - 3 Players Defense
Defense Defense Time % Phy DF OF
1 Gavin Bayreuther Dakota Mermis 60 1 3 1
2 John Marino Matthew Finn 40 1 3 1
4 vs 4 Forward
Center Wing Time % Phy DF OF
1 Evan Rodrigues Mathew Barzal 60 1 1 3
2 Adam Brooks Iven Barbashev 40 1 1 3
4 vs 4 Defense
Defense Defense Time % Phy DF OF
1 Gavin Bayreuther Dakota Mermis 60 1 1 3
2 John Marino Matthew Finn 40 1 1 3
Last Minutes Offensive
Center Left Wing Right Wing Defense Defense
Evan Rodrigues Iven Barbashev Mathew Barzal Gavin Bayreuther Dakota Mermis
Last Minutes Defensive
Center Left Wing Right Wing Defense Defense
Evan Rodrigues Iven Barbashev Mathew Barzal Gavin Bayreuther Dakota Mermis
Goaltenders
Starting : Jeremy Swayman
Backup : Anthony Stolarz
Extra Forwards
Normal : Mathew Barzal, Iven Barbashev, Clayton Keller - PP : Mathew Barzal, Clayton Keller - PK : Adam Brooks
Extra Defensemen
Normal : Gavin Bayreuther, John Marino, Alexander Romanov - PP : Gavin Bayreuther - PK : Gavin Bayreuther, John Marino
Penalty Shots
Mathew Barzal, Iven Barbashev, Evan Rodrigues, Eetu Luostarinen, Adam Brooks
Custom OT Lines Forwards
Mathew Barzal, Iven Barbashev, Evan Rodrigues, Eetu Luostarinen, Adam Brooks, Sam Kurker, Denis Malgin, Clayton Keller, Jeff Malott, Jesper Boqvist
Custom OT Lines Defensemen
Gavin Bayreuther, Dakota Mermis, John Marino, Matthew Finn, Noah Dobson
Scratches
Philipp Kurashev (Sprained Right Knee Injury), Brett Kulak (Bruised Right Leg Injury), Brett Pollock (Healthy), Josh Ho-Sang (Healthy), Juuso Ikonen (Healthy)
Kevin Stenlund (Healthy), Max Gortz (Healthy), Austin Strand (Healthy), Ryan MacInnis (Healthy), Steven Spinner (Healthy)
Shawn Boudrias (Healthy), Zachary Bouthillier (Healthy)
Bears
5 vs 5 Forward
Center Left Wing Right Wing Time % Phy DF OF
1 Christian Dvorak Kerby Rychel Nicolas Aube-Kubel 40 0 1 4
2 Adam Lowry A.J. Jenks Austin Wuthrich 30 0 1 4
3 Vincent Dunn Cole Smith Nicholas Caamano 20 0 2 3
4 Colby Cave Nikolay Prokhorkin Kirill Maksimov 10 0 2 3
5 vs 5 Defense
Defense Defense Time % Phy DF OF
1 Mikko Vainonen Tommy Vannelli 40 0 3 2
2 Gianluca Curcuruto Michael Prapavessis 30 0 3 2
3 Emil Johansson Jacob Bryson 20 0 4 1
4 Mikko Vainonen Tommy Vannelli 10 0 3 2
PowerPlay Forward
Center Left Wing Right Wing Time % Phy DF OF
1 Christian Dvorak Kerby Rychel Nicolas Aube-Kubel 60 0 0 5
2 Adam Lowry A.J. Jenks Austin Wuthrich 40 0 1 4
PowerPlay Defense
Defense Defense Time % Phy DF OF
1 Mikko Vainonen Tommy Vannelli 60 0 2 3
2 Gianluca Curcuruto Michael Prapavessis 40 0 2 3
Penalty Kill 4 Players Forward
Center Wing Time % Phy DF OF
1 Kerby Rychel Nicolas Aube-Kubel 60 0 4 1
2 Christian Dvorak A.J. Jenks 40 0 4 1
Penalty Kill 4 Players Defense
Defense Defense Time % Phy DF OF
1 Mikko Vainonen Tommy Vannelli 60 0 4 1
2 Gianluca Curcuruto Michael Prapavessis 40 0 4 1
Penalty Kill - 3 Players Forward
Forward Time % Phy DF OF
1 Kerby Rychel 60 0 5 0
2 Nicolas Aube-Kubel 40 0 5 0
Penalty Kill - 3 Players Defense
Defense Defense Time % Phy DF OF
1 Mikko Vainonen Tommy Vannelli 60 0 5 0
2 Gianluca Curcuruto Michael Prapavessis 40 0 5 0
4 vs 4 Forward
Center Wing Time % Phy DF OF
1 Kerby Rychel Nicolas Aube-Kubel 60 0 1 4
2 Christian Dvorak A.J. Jenks 40 0 1 4
4 vs 4 Defense
Defense Defense Time % Phy DF OF
1 Mikko Vainonen Tommy Vannelli 60 0 3 2
2 Gianluca Curcuruto Michael Prapavessis 40 0 3 2
Last Minutes Offensive
Center Left Wing Right Wing Defense Defense
Christian Dvorak Kerby Rychel Nicolas Aube-Kubel Mikko Vainonen Tommy Vannelli
Last Minutes Defensive
Center Left Wing Right Wing Defense Defense
Christian Dvorak Kerby Rychel Nicolas Aube-Kubel Mikko Vainonen Tommy Vannelli
Goaltenders
Starting : Jake Allen
Backup : Artyom Zagidulin
Extra Forwards
Normal : Kerby Rychel, Nicolas Aube-Kubel, Christian Dvorak - PP : Nicolas Aube-Kubel, Kerby Rychel - PK : Kerby Rychel
Extra Defensemen
Normal : Mikko Vainonen, Tommy Vannelli, Gianluca Curcuruto - PP : Mikko Vainonen - PK : Tommy Vannelli, Mikko Vainonen
Penalty Shots
Kerby Rychel, Nicolas Aube-Kubel, Christian Dvorak, A.J. Jenks, Cole Smith
Custom OT Lines Forwards
Kerby Rychel, Nicolas Aube-Kubel, Christian Dvorak, A.J. Jenks, Cole Smith, Austin Wuthrich, Adam Lowry, Nikolay Prokhorkin, Vincent Dunn, Nicholas Caamano
Custom OT Lines Defensemen
Mikko Vainonen, Tommy Vannelli, Gianluca Curcuruto, Michael Prapavessis, Emil Johansson
Scratches
Blake Speers (Healthy), Jesper Pettersson (Healthy), Joshua Leivo (Abdominal Strain Injury), David Farrance (Healthy), Mackenze Stewart (Healthy)
Zack Hayes (Healthy), Mario Ferraro (Healthy), Will Reilly (Healthy), Kristians Rubins (Healthy), Ryan Graves (Healthy)
Sam Carrick (Torn Left ACL Injury), Isaac Ratcliffe (Healthy), Logan O'Connor (Sprained Right Ankle Injury), Jakob Stenqvist (Healthy), Arvid Henrikson (Healthy)
% Time on Ice - Penguins
Lines # - Real PCT - Wanted PCT - Time Play
Normal Forward
1 - 39% - 40% - 19:06
2 - 26% - 30% - 12:51
3 - 21% - 20% - 10:08
4 - 13% - 10% - 6:30
Normal Defense
1 - 40% - 40% - 19:40
2 - 32% - 30% - 15:46
3 - 23% - 20% - 10:58
4 - 4% - 10% - 2:11
PP Forward
1 - 56% - 60% - 1:07
2 - 44% - 40% - 0:52
PP Defense
1 - 48% - 60% - 0:57
2 - 52% - 40% - 1:02
PK Forward
1 - 82% - 60% - 7:45
2 - 18% - 40% - 1:41
PK Defense
1 - 56% - 60% - 5:18
2 - 44% - 40% - 4:08
PK3 Forward
1 - 0% - 60%
2 - 0% - 40%
PK3 Defense
1 - 0% - 60%
2 - 0% - 40%
44 Forward
1 - 0% - 60%
2 - 0% - 40%
44 Defense
1 - 0% - 60%
2 - 0% - 40%
Last Minute Offensive - 0:00
Last Minute Defensive - 0:00
Total
Forward - 60:00
Defense - 60:00
|
% Time on Ice - Bears
Lines # - Real PCT - Wanted PCT - Time Play
Normal Forward
1 - 33% - 40% - 16:10
2 - 28% - 30% - 13:49
3 - 24% - 20% - 11:42
4 - 14% - 10% - 6:54
Normal Defense
1 - 40% - 40% - 19:14
2 - 29% - 30% - 13:57
3 - 27% - 20% - 13:13
4 - 4% - 10% - 2:11
PP Forward
1 - 53% - 60% - 5:01
2 - 47% - 40% - 4:25
PP Defense
1 - 57% - 60% - 5:24
2 - 43% - 40% - 4:02
PK Forward
1 - 66% - 60% - 1:19
2 - 34% - 40% - 0:40
PK Defense
1 - 67% - 60% - 1:20
2 - 33% - 40% - 0:39
PK3 Forward
1 - 0% - 60%
2 - 0% - 40%
PK3 Defense
1 - 0% - 60%
2 - 0% - 40%
44 Forward
1 - 0% - 60%
2 - 0% - 40%
44 Defense
1 - 0% - 60%
2 - 0% - 40%
Last Minute Offensive - 0:00
Last Minute Defensive - 0:00
Total
Forward - 60:00
Defense - 60:00
|
Play-by-Play
1st period
0:01 of 1st period - Evan Rodrigues wins face-off versus Christian Dvorak in neutral zone.
0:08 of 1st period - Wrist shot by Iven Barbashev.
0:08 of 1st period - Shot Blocked by Mikko Vainonen.
0:26 of 1st period - Adam Lowry is hit by Adam Brooks and loses puck.
0:31 of 1st period - Wrist shot by Adam Brooks.
0:31 of 1st period - Shot Misses the Net.
0:33 of 1st period - Snap shot by Mathew Barzal.
0:33 of 1st period - Shot Misses the Net.
1:02 of 1st period - John Marino is hit by Cole Smith and loses puck.
1:25 of 1st period - Slapshot by John Marino.
1:25 of 1st period - Stopped by Jake Allen with a rebound.
2:29 of 1st period - Wrist shot by Vincent Dunn.
2:29 of 1st period - Stopped by Jeremy Swayman without a rebound.
2:30 of 1st period - Evan Rodrigues wins face-off versus Christian Dvorak in Penguins zone.
3:00 of 1st period - Eetu Luostarinen is hit by Vincent Dunn.
3:22 of 1st period - Snap shot by A.J. Jenks.
3:22 of 1st period - Stopped by Jeremy Swayman with a rebound.
3:24 of 1st period - Wrist shot by A.J. Jenks.
3:24 of 1st period - Goal by A.J. Jenks - Penguins : 0 - Bears : 1.
3:25 of 1st period - Christian Dvorak wins face-off versus Evan Rodrigues in neutral zone.
3:40 of 1st period - Slapshot by Dakota Mermis.
3:40 of 1st period - Shot Blocked by Michael Prapavessis.
4:26 of 1st period - Wrist shot by Colby Cave.
4:26 of 1st period - Stopped by Jeremy Swayman without a rebound.
4:27 of 1st period - Adam Lowry wins face-off versus Evan Rodrigues in Penguins zone.
4:42 of 1st period - Wrist shot by A.J. Jenks.
4:42 of 1st period - Goal by A.J. Jenks - Penguins : 0 - Bears : 2.
4:43 of 1st period - Kerby Rychel wins face-off versus Adam Brooks in neutral zone.
4:50 of 1st period - Gavin Bayreuther is hit by Kerby Rychel and loses puck.
4:57 of 1st period - Snap shot by Nicolas Aube-Kubel.
4:57 of 1st period - Shot Misses the Net.
4:59 of 1st period - Slapshot by Jacob Bryson.
4:59 of 1st period - Stopped by Jeremy Swayman with a rebound.
5:13 of 1st period - Wrist shot by Vincent Dunn.
5:13 of 1st period - Stopped by Jeremy Swayman with a rebound.
5:17 of 1st period - Backhand shot by Vincent Dunn.
5:17 of 1st period - Shot Blocked by Dakota Mermis.
5:53 of 1st period - Gianluca Curcuruto is hit by Denis Malgin and loses puck.
5:58 of 1st period - Slapshot by Gavin Bayreuther.
5:58 of 1st period - Stopped by Jake Allen without a rebound.
5:59 of 1st period - Evan Rodrigues wins face-off versus Christian Dvorak in Bears zone.
6:32 of 1st period - Wrist shot by Adam Brooks.
6:32 of 1st period - Stopped by Jake Allen without a rebound.
6:33 of 1st period - Adam Brooks wins face-off versus Vincent Dunn in Bears zone.
6:37 of 1st period - Minor Penalty to Mikko Vainonen for Cross-checking.
6:38 of 1st period - Kerby Rychel wins face-off versus Evan Rodrigues in Bears zone.
7:30 of 1st period - Off-side.
7:31 of 1st period - Christian Dvorak wins face-off versus Evan Rodrigues in neutral zone.
7:56 of 1st period - Snap shot by Adam Brooks.
7:56 of 1st period - Stopped by Jake Allen with a rebound.
7:58 of 1st period - Slapshot by Dakota Mermis.
7:58 of 1st period - Shot Misses the Net.
8:37 of 1st period - Penalty to Mikko Vainonen is over, Mikko Vainonen is back on ice.
8:57 of 1st period - Slapshot by Nicholas Caamano.
8:57 of 1st period - Stopped by Jeremy Swayman with a rebound.
8:59 of 1st period - Snap shot by Vincent Dunn.
8:59 of 1st period - Stopped by Jeremy Swayman with a rebound.
9:09 of 1st period - Colby Cave is hit by Alexander Romanov and loses puck.
9:16 of 1st period - Slapshot by Dakota Mermis.
9:16 of 1st period - Stopped by Jake Allen without a rebound.
9:17 of 1st period - Adam Lowry wins face-off versus Adam Brooks in Bears zone.
9:24 of 1st period - Slapshot by Gavin Bayreuther.
9:24 of 1st period - Stopped by Jake Allen with a rebound.
9:26 of 1st period - Wrist shot by Eetu Luostarinen.
9:26 of 1st period - Stopped by Jake Allen without a rebound.
9:27 of 1st period - Adam Lowry wins face-off versus Adam Brooks in Bears zone.
9:38 of 1st period - Wrist shot by Adam Brooks.
9:38 of 1st period - Stopped by Jake Allen without a rebound.
9:39 of 1st period - Evan Rodrigues wins face-off versus Kerby Rychel in Bears zone.
9:42 of 1st period - Wrist shot by Iven Barbashev.
9:42 of 1st period - Stopped by Jake Allen with a rebound.
9:54 of 1st period - Wrist shot by Kerby Rychel.
9:54 of 1st period - Stopped by Jeremy Swayman without a rebound.
9:55 of 1st period - Adam Lowry wins face-off versus Adam Brooks in Penguins zone.
9:59 of 1st period - Icing by Matthew Finn.
10:00 of 1st period - Eetu Luostarinen wins face-off versus Adam Lowry in Penguins zone.
10:07 of 1st period - Slapshot by Adam Brooks.
10:07 of 1st period - Stopped by Jake Allen with a rebound.
10:15 of 1st period - Backhand shot by Adam Lowry.
10:15 of 1st period - Shot Blocked by Matthew Finn.
10:25 of 1st period - Wrist shot by Mathew Barzal.
10:25 of 1st period - Stopped by Jake Allen without a rebound.
10:26 of 1st period - Evan Rodrigues wins face-off versus Christian Dvorak in Bears zone.
10:27 of 1st period - Wrist shot by Iven Barbashev.
10:27 of 1st period - Stopped by Jake Allen with a rebound.
10:29 of 1st period - Slapshot by Dakota Mermis.
10:29 of 1st period - Stopped by Jake Allen without a rebound.
10:30 of 1st period - Evan Rodrigues wins face-off versus Christian Dvorak in Bears zone.
10:37 of 1st period - Snap shot by Iven Barbashev.
10:37 of 1st period - Shot Blocked by Gianluca Curcuruto.
10:39 of 1st period - Wrist shot by Evan Rodrigues.
10:39 of 1st period - Stopped by Jake Allen without a rebound.
10:40 of 1st period - Christian Dvorak wins face-off versus Evan Rodrigues in Bears zone.
10:40 of 1st period - Christian Dvorak is hit by Evan Rodrigues.
11:47 of 1st period - Backhand shot by Tommy Vannelli.
11:47 of 1st period - Shot Misses the Net.
13:50 of 1st period - Snap shot by Vincent Dunn.
13:50 of 1st period - Stopped by Jeremy Swayman without a rebound.
13:51 of 1st period - Adam Brooks wins face-off versus Cole Smith in Penguins zone.
14:35 of 1st period - Icing by Nicolas Aube-Kubel.
14:36 of 1st period - Kerby Rychel wins face-off versus Denis Malgin in Bears zone.
14:47 of 1st period - Backhand shot by Gavin Bayreuther.
14:47 of 1st period - Shot Misses the Net.
14:49 of 1st period - Slapshot by Dakota Mermis.
14:49 of 1st period - Shot Blocked by Michael Prapavessis.
14:51 of 1st period - Slapshot by Dakota Mermis.
14:51 of 1st period - Shot Blocked by Michael Prapavessis.
15:13 of 1st period - Wrist shot by Cole Smith.
15:13 of 1st period - Shot Hit the Post.
16:33 of 1st period - Snap shot by Nicholas Caamano.
16:33 of 1st period - Stopped by Jeremy Swayman with a rebound.
16:35 of 1st period - Snap shot by Vincent Dunn.
16:35 of 1st period - Shot Blocked by Alexander Romanov.
16:37 of 1st period - Slapshot by Jacob Bryson.
16:37 of 1st period - Shot Blocked by Iven Barbashev.
16:47 of 1st period - Iven Barbashev is hit by Christian Dvorak and loses puck.
17:06 of 1st period - Snap shot by Nikolay Prokhorkin.
17:06 of 1st period - Shot Misses the Net.
17:08 of 1st period - Slapshot by Gianluca Curcuruto.
17:08 of 1st period - Stopped by Jeremy Swayman without a rebound.
17:09 of 1st period - Colby Cave wins face-off versus Adam Brooks in Penguins zone.
17:10 of 1st period - Slapshot by Gianluca Curcuruto.
17:10 of 1st period - Stopped by Jeremy Swayman with a rebound.
17:12 of 1st period - Snap shot by Nikolay Prokhorkin.
17:12 of 1st period - Shot Hit the Post.
17:14 of 1st period - Slapshot by Michael Prapavessis.
17:14 of 1st period - Stopped by Jeremy Swayman with a rebound.
17:16 of 1st period - Wrist shot by Nikolay Prokhorkin.
17:16 of 1st period - Shot Misses the Net.
17:18 of 1st period - Slapshot by Michael Prapavessis.
17:18 of 1st period - Deflect By Gavin Bayreuther.
17:18 of 1st period - Stopped by Jeremy Swayman with a rebound.
17:39 of 1st period - Snap shot by Clayton Keller.
17:39 of 1st period - Shot Blocked by Tommy Vannelli.
18:00 of 1st period - Backhand shot by Austin Wuthrich.
18:00 of 1st period - Shot Hit the Post.
18:41 of 1st period - Wrist shot by Mathew Barzal.
18:41 of 1st period - Shot Misses the Net.
18:48 of 1st period - Icing by Kirill Maksimov.
18:49 of 1st period - Colby Cave wins face-off versus Denis Malgin in Bears zone.
19:10 of 1st period - Minor Penalty to Denis Malgin for High sticking.
19:11 of 1st period - Evan Rodrigues wins face-off versus Christian Dvorak in Penguins zone.
Goals for this period are 0 for Penguins vs 2 for Bears.
Shots for this period are 14 for Penguins vs 16 for Bears.
2nd period
0:01 of 2nd period - Evan Rodrigues wins face-off versus Christian Dvorak in neutral zone.
0:04 of 2nd period - Slapshot by Gavin Bayreuther.
0:04 of 2nd period - Deflect By Evan Rodrigues.
0:04 of 2nd period - Stopped by Jake Allen with a rebound.
0:40 of 2nd period - Slapshot by Austin Wuthrich.
0:40 of 2nd period - Goal by Austin Wuthrich - Penguins : 0 - Bears : 3.
0:41 of 2nd period - Evan Rodrigues wins face-off versus Christian Dvorak in neutral zone.
0:54 of 2nd period - Slapshot by Gavin Bayreuther.
0:54 of 2nd period - Deflect By Christian Dvorak.
0:54 of 2nd period - Stopped by Jake Allen with a rebound.
1:12 of 2nd period - Off-side.
1:13 of 2nd period - Adam Lowry wins face-off versus Sam Kurker in neutral zone.
1:39 of 2nd period - Matthew Finn is hit by A.J. Jenks.
1:55 of 2nd period - Snap shot by Evan Rodrigues.
1:55 of 2nd period - Shot Blocked by Mikko Vainonen.
2:03 of 2nd period - Austin Wuthrich is hit by John Marino.
2:11 of 2nd period - Mikko Vainonen is hit by Evan Rodrigues.
2:39 of 2nd period - Wrist shot by Evan Rodrigues.
2:39 of 2nd period - Shot Misses the Net.
2:41 of 2nd period - Slapshot by Matthew Finn.
2:41 of 2nd period - Shot Misses the Net.
2:47 of 2nd period - Snap shot by Iven Barbashev.
2:47 of 2nd period - Stopped by Jake Allen without a rebound.
2:48 of 2nd period - Adam Brooks wins face-off versus Christian Dvorak in Bears zone.
3:13 of 2nd period - Gavin Bayreuther is hit by Kirill Maksimov and loses puck.
3:22 of 2nd period - Wrist shot by Nikolay Prokhorkin.
3:22 of 2nd period - Shot Blocked by Dakota Mermis.
3:32 of 2nd period - Wrist shot by Gavin Bayreuther.
3:32 of 2nd period - Shot Blocked by Michael Prapavessis.
3:34 of 2nd period - Wrist shot by Dakota Mermis.
3:34 of 2nd period - Shot Misses the Net.
3:36 of 2nd period - Slapshot by Gavin Bayreuther.
3:36 of 2nd period - Shot Blocked by Nicholas Caamano.
3:38 of 2nd period - Snap shot by Mathew Barzal.
3:38 of 2nd period - Shot Misses the Net.
3:56 of 2nd period - Wrist shot by Mathew Barzal.
3:56 of 2nd period - Shot Misses the Net.
4:04 of 2nd period - Wrist shot by Mathew Barzal.
4:04 of 2nd period - Shot Misses the Net.
4:06 of 2nd period - Slapshot by Gavin Bayreuther.
4:06 of 2nd period - Stopped by Jake Allen without a rebound.
4:07 of 2nd period - Christian Dvorak wins face-off versus Denis Malgin in Bears zone.
4:18 of 2nd period - Wrist shot by Kerby Rychel.
4:18 of 2nd period - Stopped by Jeremy Swayman without a rebound.
4:19 of 2nd period - Christian Dvorak wins face-off versus Denis Malgin in Penguins zone.
4:22 of 2nd period - Snap shot by Nicolas Aube-Kubel.
4:22 of 2nd period - Deflect By Christian Dvorak.
4:22 of 2nd period - Stopped by Jeremy Swayman with a rebound.
4:24 of 2nd period - Slapshot by Tommy Vannelli.
4:24 of 2nd period - Shot Misses the Net.
4:26 of 2nd period - Slapshot by Tommy Vannelli.
4:26 of 2nd period - Stopped by Jeremy Swayman without a rebound.
4:27 of 2nd period - Denis Malgin wins face-off versus Christian Dvorak in Penguins zone.
4:36 of 2nd period - Snap shot by Kerby Rychel.
4:36 of 2nd period - Deflect By Nicolas Aube-Kubel.
4:36 of 2nd period - Stopped by Jeremy Swayman without a rebound.
4:37 of 2nd period - Evan Rodrigues wins face-off versus Christian Dvorak in Penguins zone.
4:48 of 2nd period - Slapshot by Iven Barbashev.
4:48 of 2nd period - Stopped by Jake Allen with a rebound.
4:50 of 2nd period - Snap shot by Evan Rodrigues.
4:50 of 2nd period - Stopped by Jake Allen with a rebound.
4:52 of 2nd period - Slapshot by Dakota Mermis.
4:52 of 2nd period - Deflect By Nicolas Aube-Kubel.
4:52 of 2nd period - Goal by Dakota Mermis - Penguins : 1 - Bears : 3.
4:53 of 2nd period - Evan Rodrigues wins face-off versus Kerby Rychel in neutral zone.
5:04 of 2nd period - Wrist shot by Iven Barbashev.
5:04 of 2nd period - Stopped by Jake Allen with a rebound.
5:40 of 2nd period - Icing by Emil Johansson.
5:41 of 2nd period - Vincent Dunn wins face-off versus Denis Malgin in Bears zone.
5:56 of 2nd period - Snap shot by Vincent Dunn.
5:56 of 2nd period - Shot Misses the Net.
5:58 of 2nd period - Snap shot by Cole Smith.
5:58 of 2nd period - Shot Blocked by John Marino.
6:00 of 2nd period - Slapshot by Vincent Dunn.
6:00 of 2nd period - Stopped by Jeremy Swayman with a rebound.
6:02 of 2nd period - Snap shot by Cole Smith.
6:02 of 2nd period - Shot Blocked by John Marino.
6:28 of 2nd period - Snap shot by Cole Smith.
6:28 of 2nd period - Deflect By Nicholas Caamano.
6:28 of 2nd period - Shot Blocked by Matthew Finn.
6:28 of 2nd period - Puck is out of play.
6:29 of 2nd period - Christian Dvorak wins face-off versus Evan Rodrigues in Penguins zone.
6:54 of 2nd period - Mikko Vainonen is hit by Adam Brooks and loses puck.
8:04 of 2nd period - Icing by Gianluca Curcuruto.
8:05 of 2nd period - Eetu Luostarinen wins face-off versus Vincent Dunn in Bears zone.
8:22 of 2nd period - Snap shot by Michael Prapavessis.
8:22 of 2nd period - Stopped by Jeremy Swayman with a rebound.
8:24 of 2nd period - Slapshot by Gianluca Curcuruto.
8:24 of 2nd period - Stopped by Jeremy Swayman without a rebound.
8:25 of 2nd period - Evan Rodrigues wins face-off versus Christian Dvorak in Penguins zone.
8:32 of 2nd period - Slapshot by Matthew Finn.
8:32 of 2nd period - Stopped by Jake Allen with a rebound.
9:03 of 2nd period - Wrist shot by Mathew Barzal.
9:03 of 2nd period - Shot Misses the Net.
9:55 of 2nd period - Gavin Bayreuther is hit by Nicolas Aube-Kubel and loses puck.
10:08 of 2nd period - Slapshot by Jesper Boqvist.
10:08 of 2nd period - Stopped by Jake Allen without a rebound.
10:09 of 2nd period - Adam Lowry wins face-off versus Evan Rodrigues in Bears zone.
10:22 of 2nd period - Wrist shot by Adam Lowry.
10:22 of 2nd period - Stopped by Jeremy Swayman with a rebound.
11:19 of 2nd period - Slapshot by John Marino.
11:19 of 2nd period - Stopped by Jake Allen with a rebound.
11:25 of 2nd period - Slapshot by Evan Rodrigues.
11:25 of 2nd period - Stopped by Jake Allen with a rebound.
11:47 of 2nd period - Snap shot by Evan Rodrigues.
11:47 of 2nd period - Stopped by Jake Allen with a rebound.
11:49 of 2nd period - Slapshot by Iven Barbashev.
11:49 of 2nd period - Stopped by Jake Allen without a rebound.
11:50 of 2nd period - Adam Brooks wins face-off versus Christian Dvorak in Bears zone.
11:59 of 2nd period - Slapshot by Mathew Barzal.
11:59 of 2nd period - Deflect By Adam Brooks.
11:59 of 2nd period - Shot Misses the Net.
11:59 of 2nd period - Puck is out of play.
12:00 of 2nd period - Adam Brooks wins face-off versus Christian Dvorak in Bears zone.
12:11 of 2nd period - Snap shot by Kerby Rychel.
12:11 of 2nd period - Shot Blocked by Eetu Luostarinen.
12:13 of 2nd period - Wrist shot by Tommy Vannelli.
12:13 of 2nd period - Stopped by Jeremy Swayman with a rebound.
12:15 of 2nd period - Slapshot by Mikko Vainonen.
12:15 of 2nd period - Deflect By Nicolas Aube-Kubel.
12:15 of 2nd period - Shot Blocked by Gavin Bayreuther.
12:15 of 2nd period - Puck is out of play.
12:16 of 2nd period - Vincent Dunn wins face-off versus Denis Malgin in Penguins zone.
12:23 of 2nd period - Tommy Vannelli is hit by Jeff Malott.
12:41 of 2nd period - Kerby Rychel is hit by Dakota Mermis and loses puck.
13:07 of 2nd period - Gianluca Curcuruto is hit by Alexander Romanov and loses puck.
13:26 of 2nd period - Backhand shot by Clayton Keller.
13:26 of 2nd period - Goal by Clayton Keller - Penguins : 2 - Bears : 3.
13:27 of 2nd period - Evan Rodrigues wins face-off versus Christian Dvorak in neutral zone.
14:15 of 2nd period - Dakota Mermis is hit by Nikolay Prokhorkin and loses puck.
15:03 of 2nd period - Slapshot by Iven Barbashev.
15:03 of 2nd period - Shot Misses the Net.
15:39 of 2nd period - Minor Penalty to Adam Brooks for Cross-checking.
15:40 of 2nd period - Christian Dvorak wins face-off versus Evan Rodrigues in Penguins zone.
15:45 of 2nd period - Snap shot by Nicolas Aube-Kubel.
15:45 of 2nd period - Stopped by Jeremy Swayman with a rebound.
16:05 of 2nd period - Iven Barbashev is hit by A.J. Jenks and loses puck.
17:39 of 2nd period - Penalty to Adam Brooks is over, Adam Brooks is back on ice.
18:14 of 2nd period - Wrist shot by Jacob Bryson.
18:14 of 2nd period - Goal by Jacob Bryson - Penguins : 2 - Bears : 4.
18:15 of 2nd period - Christian Dvorak wins face-off versus Evan Rodrigues in neutral zone.
18:50 of 2nd period - Wrist shot by A.J. Jenks.
18:50 of 2nd period - Shot Misses the Net.
19:13 of 2nd period - Snap shot by Colby Cave.
19:13 of 2nd period - Deflect By Nikolay Prokhorkin.
19:13 of 2nd period - Shot Blocked by Matthew Finn.
19:13 of 2nd period - Puck is out of play.
19:14 of 2nd period - Evan Rodrigues wins face-off versus Christian Dvorak in Penguins zone.
19:41 of 2nd period - Wrist shot by Austin Wuthrich.
19:41 of 2nd period - Shot Blocked by Eetu Luostarinen.
19:51 of 2nd period - Snap shot by Austin Wuthrich.
19:51 of 2nd period - Shot Blocked by Gavin Bayreuther.
19:57 of 2nd period - A.J. Jenks is hit by Adam Brooks and loses puck.
Goals for this period are 2 for Penguins vs 2 for Bears.
Shots for this period are 15 for Penguins vs 12 for Bears.
3rd period
0:01 of 3rd period - Evan Rodrigues wins face-off versus Nicolas Aube-Kubel in neutral zone.
0:04 of 3rd period - Kerby Rychel is hit by Iven Barbashev and loses puck.
0:25 of 3rd period - Sam Kurker is hit by Nicholas Caamano and loses puck.
0:58 of 3rd period - Matthew Finn is hit by Austin Wuthrich and loses puck.
1:19 of 3rd period - Slapshot by Denis Malgin.
1:19 of 3rd period - Deflect By Clayton Keller.
1:19 of 3rd period - Shot Blocked by Jacob Bryson.
1:19 of 3rd period - Puck is out of play.
1:20 of 3rd period - Christian Dvorak wins face-off versus Denis Malgin in Bears zone.
1:49 of 3rd period - Wrist shot by Jesperi Kotkaniemi.
1:49 of 3rd period - Deflect By Jesper Boqvist.
1:49 of 3rd period - Shot Blocked by Gianluca Curcuruto.
1:49 of 3rd period - Puck is out of play.
1:50 of 3rd period - Sampo Ranta wins face-off versus Adam Lowry in Bears zone.
2:09 of 3rd period - Minor Penalty to Sampo Ranta for Tripping.
2:10 of 3rd period - Evan Rodrigues wins face-off versus Christian Dvorak in Penguins zone.
2:10 of 3rd period - Evan Rodrigues is hit by Christian Dvorak.
2:45 of 3rd period - Snap shot by Adam Brooks.
2:45 of 3rd period - Stopped by Jake Allen without a rebound.
2:46 of 3rd period - Adam Brooks wins face-off versus Adam Lowry in Bears zone.
2:47 of 3rd period - Snap shot by Eetu Luostarinen.
2:47 of 3rd period - Shot Misses the Net.
2:55 of 3rd period - Wrist shot by Adam Brooks.
2:55 of 3rd period - Stopped by Jake Allen without a rebound.
2:56 of 3rd period - Evan Rodrigues wins face-off versus Adam Lowry in Bears zone.
2:59 of 3rd period - Snap shot by Iven Barbashev.
2:59 of 3rd period - Goal by Iven Barbashev - Penguins : 3 - Bears : 4.
3:00 of 3rd period - Evan Rodrigues wins face-off versus Christian Dvorak in neutral zone.
3:26 of 3rd period - Christian Dvorak is hit by Gavin Bayreuther and loses puck.
4:09 of 3rd period - Penalty to Sampo Ranta is over, Sampo Ranta is back on ice.
5:08 of 3rd period - Icing by Jacob Bryson.
5:09 of 3rd period - Christian Dvorak wins face-off versus Denis Malgin in Bears zone.
5:09 of 3rd period - Christian Dvorak is hit by Clayton Keller.
5:38 of 3rd period - John Marino is hit by Austin Wuthrich and loses puck.
6:00 of 3rd period - Snap shot by Gavin Bayreuther.
6:00 of 3rd period - Stopped by Jake Allen without a rebound.
6:01 of 3rd period - Vincent Dunn wins face-off versus Jesperi Kotkaniemi in Bears zone.
6:10 of 3rd period - Wrist shot by Nicholas Caamano.
6:10 of 3rd period - Deflect By Cole Smith.
6:10 of 3rd period - Stopped by Jeremy Swayman without a rebound.
6:11 of 3rd period - Evan Rodrigues wins face-off versus Vincent Dunn in Penguins zone.
6:37 of 3rd period - Snap shot by Cole Smith.
6:37 of 3rd period - Deflect By Vincent Dunn.
6:37 of 3rd period - Shot Misses the Net.
6:37 of 3rd period - Puck is out of play.
6:38 of 3rd period - Christian Dvorak wins face-off versus Adam Brooks in Penguins zone.
6:51 of 3rd period - Michael Prapavessis is hit by Matthew Finn and loses puck.
6:56 of 3rd period - Wrist shot by Mathew Barzal.
6:56 of 3rd period - Stopped by Jake Allen without a rebound.
6:57 of 3rd period - Adam Lowry wins face-off versus Evan Rodrigues in Bears zone.
7:04 of 3rd period - Wrist shot by A.J. Jenks.
7:04 of 3rd period - Shot Misses the Net.
7:10 of 3rd period - Snap shot by A.J. Jenks.
7:10 of 3rd period - Stopped by Jeremy Swayman with a rebound.
7:12 of 3rd period - Slapshot by A.J. Jenks.
7:12 of 3rd period - Shot Blocked by Dakota Mermis.
7:45 of 3rd period - Snap shot by Evan Rodrigues.
7:45 of 3rd period - Stopped by Jake Allen without a rebound.
7:46 of 3rd period - Adam Brooks wins face-off versus Christian Dvorak in Bears zone.
7:57 of 3rd period - Snap shot by Kerby Rychel.
7:57 of 3rd period - Goal by Kerby Rychel - Penguins : 3 - Bears : 5.
7:58 of 3rd period - Christian Dvorak wins face-off versus Sam Kurker in neutral zone.
8:01 of 3rd period - Snap shot by Christian Dvorak.
8:01 of 3rd period - Stopped by Jeremy Swayman with a rebound.
8:03 of 3rd period - Snap shot by Tommy Vannelli.
8:03 of 3rd period - Stopped by Jeremy Swayman with a rebound.
8:05 of 3rd period - Slapshot by Christian Dvorak.
8:05 of 3rd period - Stopped by Jeremy Swayman without a rebound.
8:06 of 3rd period - Evan Rodrigues wins face-off versus Christian Dvorak in Penguins zone.
8:26 of 3rd period - Tommy Vannelli is hit by Evan Rodrigues and loses puck.
8:35 of 3rd period - Mikko Vainonen is hit by Gavin Bayreuther and loses puck.
8:42 of 3rd period - Snap shot by Iven Barbashev.
8:42 of 3rd period - Shot Misses the Net.
9:02 of 3rd period - Slapshot by Mikko Vainonen.
9:02 of 3rd period - Shot Misses the Net.
9:45 of 3rd period - Slapshot by Gavin Bayreuther.
9:45 of 3rd period - Shot Blocked by Tommy Vannelli.
10:01 of 3rd period - Wrist shot by Kerby Rychel.
10:01 of 3rd period - Goal by Kerby Rychel - Penguins : 3 - Bears : 6.
10:02 of 3rd period - Adam Lowry wins face-off versus Adam Brooks in neutral zone.
10:15 of 3rd period - Wrist shot by A.J. Jenks.
10:15 of 3rd period - Stopped by Jeremy Swayman with a rebound.
10:17 of 3rd period - Slapshot by Michael Prapavessis.
10:17 of 3rd period - Shot Misses the Net.
10:23 of 3rd period - Minor Penalty to Mathew Barzal for Roughing.
10:24 of 3rd period - Adam Brooks wins face-off versus Adam Lowry in Penguins zone.
11:10 of 3rd period - Dakota Mermis is hit by Austin Wuthrich and loses puck.
12:23 of 3rd period - Penalty to Mathew Barzal is over, Mathew Barzal is back on ice.
13:07 of 3rd period - Kerby Rychel is hit by Dakota Mermis and loses puck.
14:01 of 3rd period - Snap shot by Mathew Barzal.
14:01 of 3rd period - Shot Blocked by Nicholas Caamano.
14:22 of 3rd period - Icing by Christian Dvorak.
14:23 of 3rd period - Christian Dvorak wins face-off versus Evan Rodrigues in Bears zone.
15:01 of 3rd period - Off-side.
15:02 of 3rd period - Evan Rodrigues wins face-off versus Vincent Dunn in neutral zone.
15:18 of 3rd period - Minor Penalty to Iven Barbashev for Roughing.
15:19 of 3rd period - Evan Rodrigues wins face-off versus Christian Dvorak in Penguins zone.
16:23 of 3rd period - Adam Lowry is hit by John Marino and loses puck.
17:18 of 3rd period - Penalty to Iven Barbashev is over, Iven Barbashev is back on ice.
18:30 of 3rd period - Snap shot by Vincent Dunn.
18:30 of 3rd period - Shot Blocked by Matthew Finn.
18:32 of 3rd period - Slapshot by Cole Smith.
18:32 of 3rd period - Stopped by Jeremy Swayman without a rebound.
18:33 of 3rd period - Christian Dvorak wins face-off versus Clayton Keller in Penguins zone.
19:25 of 3rd period - Snap shot by Tommy Vannelli.
19:25 of 3rd period - Shot Blocked by Noah Dobson.
19:53 of 3rd period - Wrist shot by Austin Wuthrich.
19:53 of 3rd period - Stopped by Jeremy Swayman with a rebound.
19:55 of 3rd period - Slapshot by Adam Lowry.
19:55 of 3rd period - Stopped by Jeremy Swayman without a rebound.
19:56 of 3rd period - Denis Malgin wins face-off versus Adam Lowry in Penguins zone.
Goals for this period are 1 for Penguins vs 2 for Bears.
Shots for this period are 6 for Penguins vs 11 for Bears.